 Adventure DCSS version bcrawl-1.27.3 (webtiles) character file.

Game seed: 17912794015427471050

131858 galech the Chopper (level 4, 37/37 HPs)
             Began as a Demonspawn Fighter on July 31, 2020.
             Quit the game on level 3 of the Dungeon.
             The game lasted 00:02:36 (2395 turns).

galech the Chopper (Demonspawn Fighter)             Turns: 2395, Time: 00:02:37

Health: 37/37      AC: 10    Str: 16    XL:     4   Next: 81%
Magic:  4/4        EV:  5    Int:  9    God:
Gold:   185        SH:  9    Dex: 14    Spells: 3/3 levels left
                                        Lives:  1   Deaths: 1

rFire    . . .     SeeInvis .   a - +0 war axe
rCold    + . .     Gourm    .   c - +0 medium shield
rNeg     . . .     Faith    .   b - +0 scale mail
rPois    .         Spirit   +   q - +0 helmet
rElec    .         Reflect  .   (no cloak)
rCorr    .         Harm     .   (no gloves)
MR       .....                  (no boots)
Stlth    ..........             (no amulet)
HPRegen  0.12/turn              i - +2 ring of protection
MPRegen  0.18/turn              (no ring)

@: no status effects
A: cold resistance 1, magic shield, magic regeneration
a: no special abilities


You were on level 3 of the Dungeon.
You were not hungry.

You visited 1 branch of the dungeon, and saw 3 of its levels.

You collected 185 gold pieces.

Inventory:

Hand Weapons
 a - a +0 war axe (weapon)
Armour
 b - a +0 scale mail (worn)
 c - a +0 medium shield (worn)
 q - a +0 helmet (worn)
Jewellery
 i - a +2 ring of protection (left hand)
Scrolls
 f - 9 scrolls of identify
 h - 5 scrolls of teleportation {unknown}
 l - a scroll of magic mapping {unknown}
 m - a scroll of fear {unknown}
 p - a scroll of remove curse {unknown}
 r - a scroll of immolation {unknown}
Potions
 d - 2 potions of might
 j - 2 potions of degeneration {unknown}
 k - a potion of mutation {unknown}
 n - a potion of brilliance {unknown}
 o - a potion of heal wounds {unknown}
Comestibles
 e - 7 rations {!d}
 g - a chunk of flesh


   Skills:
 + Level 3.7 Fighting
 + Level 3.8 Axes
 + Level 3.4 Armour
 + Level 1.4 Dodging
 + Level 3.3 Shields


You had 3 spell levels left.
You didn't know any spells.
Your spell library was empty.

Dungeon Overview and Level Annotations

Branches:
Dungeon (3/12)

Altars:
Trog
The Shining One


Innate Abilities, Weirdness & Mutations

Your flesh is cold resistant. (rC+)
When hurt, damage is shared between your health and your magic reserves.
You regenerate magic rapidly.


Message History

You are too injured to fight recklessly!
You are too injured to fight recklessly!
You are too injured to fight recklessly!
You are too injured to fight recklessly!
You slash the ogre!
The ogre is heavily wounded.
You block the ogre's attack.
You hit the ogre but do no damage.
The ogre is heavily wounded.
The ogre hits you with a +0 giant club!
* * * LOW HITPOINT WARNING * * *
You hit the ogre.
The ogre is severely wounded.
The ogre hits you with a +0 giant club!!
Ouch! That really hurt!
You die...
Xom reaches out...
You are now level 4!
You rejoin the land of the living...
Are you sure you want to abandon this character and quit the game? (Confirm with "yes".)

.#..#..#.<.#..#.##..#(#.#.
#..#.........#.##..#.#.# #
.............##.##.#.#
..##.#..(#..####.##.#
#..##.#...#..####.##.#
...........†O.........
..##.##.........?....
(.##.##.##..####.##.#
.......@.......
..##.##.##..... ..
........... # ##.########.
###


There were no monsters in sight!

Vanquished Creatures
  An ogre (D:3)
  Robin (D:2)
  2 adders (D:2)
  An adder skeleton (D:3)
  5 worms
  2 dart slugs (D:1)
  5 leopard geckos
  An orc (D:2)
  11 bats
  3 giant cockroaches (D:2)
  17 goblins
  17 hobgoblins
  2 jackals (D:1)
  9 kobolds
  6 quokkas (D:2)
  A ball python (D:2)
  4 frilled lizards
  6 rats
94 creatures vanquished.

Notes
Turn   | Place    | Note
-------+----------+-------------------------------------------
     0 | D:1      | galech the Demonspawn Fighter began the quest for the Orb.
     0 | D:1      | Reached XP level 1. HP: 18/18 MP: 1/1
   168 | D:1      | Gained mutation: Your flesh is cold resistant. (rC+)
                  | [demonic ancestry]
   168 | D:1      | Reached XP level 2. HP: 19/24 MP: 2/2
   388 | D:1      | Gained mutation: When hurt, damage is shared between your
                  | health and your magic reserves. [demonic ancestry]
   388 | D:1      | Reached XP level 3. HP: 29/29 MP: 3/3
   907 | D:2      | Found a glowing golden altar of the Shining One.
  1053 | D:2      | Gained mutation: You regenerate magic rapidly. [demonic
                  | ancestry]
  1053 | D:2      | Reached XP level 4. HP: 33/35 MP: 4/4
  1180 | D:2      | Found a bloodstained altar of Trog.
  1324 | D:2      | Noticed Robin
  1327 | D:2      | Reached skill level 1 in Dodging
  1335 | D:2      | Killed Robin
  1938 | D:3      | Reached XP level 5. HP: 30/41 MP: 3/5
  2058 | D:3      | Noticed an ogre
  2067 | D:3      | Killed an ogre
  2386 | D:3      | Noticed an ogre
  2394 | D:3      | Demolished by an ogre
  2395 | D:3      | Reached XP level 4. HP: -17/37 MP: 0/4
  2395 | D:3      | Quit the game

Skill      XL: |  1  2  3  4 |
---------------+-------------+-----
Shields        | 3 |  3.3
Axes           | 2 3 |  3.8
Armour         | 3 |  3.4
Dodging        | 1 |  1.4
Fighting       | |  3.7

Action                   |  1- 3 |  4- 6 || total
-------------------------+-------+-------++-------
Melee: War axe           |   126 |   140 ||   266
  Eat: Chunk             |     5 |    11 ||    16
Armor: Scale mail        |    89 |    93 ||   182
Dodge: Dodged            |    28 |    32 ||    60
Block: Medium shield     |    72 |    71 ||   143
